 Dungeon Crawl Stone Soup version 0.23.2-40-g277498a (webtiles) character file.

Game seed: 1949780500892458623

83 Aphrodieselac the Charmwright (level 4, 0/33 HPs)
             Began as a Merfolk Skald on Aug 13, 2019.
             Slain by an orc priest
             ... wielding a +0 whip
              (4 damage)
             ... on level 3 of the Dungeon.
             The game lasted 00:09:22 (2390 turns).

Aphrodieselac the Charmwright (Merfolk Skald)       Turns: 2390, Time: 00:09:23

Health: 0/33       AC:  4    Str: 11    XL:     4   Next: 44%
Magic:  5/7        EV: 12    Int: 13    God:
Gold:   95         SH:  0    Dex: 13    Spells: 2/7 levels left

rFire    . . .     SeeInvis .   a - +0 spear
rCold    . . .     Gourm    .   (no shield)
rNeg     . . .     Faith    .   b - +0 leather armour
rPois    .         Spirit   .   (no helmet)
rElec    .         Reflect  .   (no cloak)
rCorr    .         Harm     .   v - +0 pair of gloves
MR       .....                  (no boots)
Stlth    ..........             (no amulet)
HPRegen  0.11/turn              q - ring of attention (curse)
MPRegen  0.10/turn              (no ring)

@: no status effects
A: change form in water, swift swim, stealthy swim
a: no special abilities


You were on level 3 of the Dungeon.
You were not hungry.

You visited 1 branch of the dungeon, and saw 3 of its levels.

You collected 95 gold pieces.

Inventory:

Hand Weapons
 a - a +0 spear (weapon)
Missiles
 h - 8 tomahawks (quivered)
 s - 16 sling bullets
Armour
 b - a +0 leather armour (worn)
 v - a +0 pair of gloves (worn)
Jewellery
 q - a cursed ring of attention (left hand)
Scrolls
 e - 4 scrolls of identify {unknown}
 f - a scroll of blinking {unknown}
 g - 2 scrolls of remove curse {unknown}
 i - 4 scrolls of teleportation {unknown}
 k - 2 scrolls of amnesia {unknown}
 l - a scroll of enchant armour {unknown}
 m - a scroll of magic mapping {unknown}
 o - a scroll of random uselessness {unknown}
 r - a scroll of enchant weapon {unknown}
Potions
 c - a potion of heal wounds {unknown}
 j - a potion of ambrosia {unknown}
 n - 2 potions of curing {unknown}
 p - 2 potions of haste {unknown}
 t - 2 potions of mutation {unknown}
Comestibles
 d - 2 rations


   Skills:
 - Level 2.1 Fighting
 + Level 4.4 Polearms
 - Level 0.6 Armour
 - Level 2.6 Dodging
 - Level 2.0 Spellcasting
 * Level 5.0 Charms


You had 2 spell levels left.
You knew the following spells:

 Your Spells              Type           Power        Failure   Level  Hunger
a - Infusion              Chrm           ##..         4%          1    ##.....
b - Song of Slaying       Chrm           ##......     6%          2    ###....
c - Shroud of Golubria    Chrm/Tloc      #.........   19%         2    ###....

Your spell library contained the following spells:

 Spells                   Type           Power        Failure   Level  Hunger
 Regeneration             Chrm/Necr      #.........   34%         3    ####...
 Spectral Weapon          Hex/Chrm       #.......     34%         3    ####...


Dungeon Overview and Level Annotations

Branches:
Dungeon (3/15)

Altars:
Dithmenos


Message History

The orc priest is heavily wounded.
The orc priest hits you with a +0 whip.
You barely miss the orc priest.
The orc priest is heavily wounded.
The orc priest barely misses you.
You barely miss the orc priest.
The orc priest is heavily wounded.
The orc priest hits you with a +0 whip.
* * * LOW HITPOINT WARNING * * *
You barely miss the orc priest.
The orc priest is heavily wounded.
The orc priest hits you with a +0 whip.
* * * LOW HITPOINT WARNING * * *
You hit the orc priest.
The orc priest is severely wounded.
The orc priest hits you but does no damage.
You barely miss the orc priest.
The orc priest is severely wounded.
The orc priest hits you with a +0 whip.
You die...

######
#..o.###
###@.".####
##
###.....#..#
###. ####...#
#...
##...........
#####.......
#>#... #...
#..< #...


You could see an orc priest.

Vanquished Creatures
  2 adders (D:2)
  3 worms (D:2)
  A dart slug (D:1)
  3 leopard geckos
  3 orcs
  2 bats
  3 giant cockroaches
  4 goblins
  4 hobgoblins
  4 jackals (D:1)
  A quokka (D:2)
  3 frilled lizards
  8 kobolds
  9 rats
50 creatures vanquished.

Notes
Turn   | Place    | Note
-------+----------+-------------------------------------------
     0 | D:1      | Aphrodieselac the Merfolk Skald began the quest for the
                  | Orb.
     0 | D:1      | Reached XP level 1. HP: 16/16 MP: 3/3
   124 | D:1      | Reached XP level 2. HP: 13/22 MP: 5/5
   467 | D:1      | Reached skill level 4 in Charms
   790 | D:1      | Reached XP level 3. HP: 27/27 MP: 6/6
  1416 | D:2      | Found a shadowy altar of Dithmenos.
  1603 | D:2      | Reached XP level 4. HP: 31/33 MP: 7/7
  2178 | D:2      | Learned a level 2 spell: Song of Slaying
  2181 | D:2      | Learned a level 2 spell: Shroud of Golubria
  2361 | D:3      | Reached skill level 5 in Charms
  2390 | D:3      | Slain by an orc priest

Skill      XL: |  1  2  3  4 |
---------------+-------------+-----
Charms         | 4 5 |  5.0
Polearms       | 4 |  4.4
Fighting       | |  2.1
Armour         | |  0.6
Dodging        | |  2.6
Spellcasting   | |  2.0

Action                   |  1- 3 |  4- 6 || total
-------------------------+-------+-------++-------
Melee: Spear             |   118 |   107 ||   225
Throw: Tomahawk          |     1 |       ||     1
 Cast: Infusion          |     6 |     3 ||     9
  Eat: Chunk             |     2 |     3 ||     5
Armor: Leather armour    |    19 |     8 ||    27
Dodge: Dodged            |    45 |    46 ||    91
